 Dungeon Crawl Stone Soup version 0.31.0-12-g77e489cdc1 (webtiles) character file.

Game seed: 9857786909581259240

110 Marvel the Digger (level 4, -4/24 HPs)
             Began as a Gargoyle Earth Elementalist on Feb 14, 2024.
             Was a Believer of Wu Jian.
             Killed by divine providence
             ... invoked by an orc priest
              (12 damage)
             ... on level 3 of the Dungeon.
             The game lasted 00:06:28 (3013 turns).

Marvel the Digger (Gargoyle Earth Elementalist)     Turns: 3013, Time: 00:06:28

Health: -4/24      AC:  6    Str: 12    XL:     4   Next: 91%
Magic:  9/9        EV: 12    Int: 17    God:    Wu Jian [**....]
Gold:   213        SH:  0    Dex: 10    Spells: 2/9 levels left

rFire   . . .        c - +0 dagger
rCold   . . .        (no shield)
rNeg    + . .        a - +0 robe
rPois   ∞            (no helmet)
rElec   +            (no cloak)
rCorr   .            (no gloves)
SInv    .            r - +0 pair of boots
Will    .....        (no amulet)
Stlth   ++           (no ring)
HPRegen 0.24/turn    (no ring)
MPRegen 0.11/turn

%: no passive effects
@: no status effects
A: sickness immunity, AC +3, negative energy resistance 1, electricity
resistance, torment resistance 1, petrification resistance
a: Renounce Religion, Wall Jump


You were on level 3 of the Dungeon.
You worshipped Wu Jian.
Wu Jian was pleased with you.
You visited 1 branch of the dungeon, and saw 3 of its levels.

You collected 213 gold pieces.

Inventory:

Hand Weapons
 c - a +0 dagger (weapon)
Missiles
 q - a throwing net
 t - 3 darts of dispersal
 u - 5 atropa-tipped darts
Armour
 a - a +0 robe (worn)
 r - a +0 pair of boots (worn)
Jewellery
 j - a ring of magical power
 k - an amulet of the acrobat
Talismans
 d - a flux talisman
Scrolls
 e - a scroll of immolation {unknown}
 g - 3 scrolls of enchant armour {unknown}
 h - a scroll of silence {unknown}
 i - 3 scrolls of identify {unknown}
 m - 3 scrolls of teleportation {unknown}
 n - 3 scrolls of enchant weapon {unknown}
 o - a scroll of amnesia {unknown}
Potions
 b - a potion of magic
 f - a potion of haste {unknown}
 l - a potion of invisibility {unknown}
 p - a potion of degeneration {unknown}
 s - a potion of resistance {unknown}
 v - a potion of curing {unknown}


   Skills:
 + Level 0.1 Fighting
 + Level 0.1 Short Blades
 + Level 1.7 Dodging
 + Level 2.3 Stealth
 + Level 3.4 Spellcasting
 + Level 1.2 Conjurations
 + Level 4.9 Earth Magic


You had 2 spell levels left.
You knew the following spells:

 Your Spells              Type           Power      Damage    Failure   Level
a - Sandblast             Erth           38%        2d10      2%          1
b - Passwall              Erth           19%        N/A       6%          3
c - Stone Arrow           Conj/Erth      26%        3d8       14%         3

Your spell library contained the following spells:

 Spells                   Type           Power      Damage    Failure   Level
 Mercury Vapours          Alch/Air       4%         N/A       26%         2
 Mephitic Cloud           Conj/Alch/Air  4%         N/A       38%         3
 Brom's Barrelling Bould  Conj/Erth      13%        2d4       43%         4
 Petrify                  Alch/Erth      11%        N/A       52%         4
 Freezing Cloud           Conj/Ice/Air   2%         6-21      98%         5


Dungeon Overview and Level Annotations

Branches:
Dungeon (3/15)

Altars:
Fedhas
Wu Jian


Innate Abilities, Weirdness & Mutations

You are immune to sickness and miasma.
Your stone body is resilient. (AC +3)
You are immune to poison.
You resist negative energy. (rN+)
You are resistant to electric shocks. (rElec)
You are resistant to unholy torment.
You are immune to petrification.


Message History

You kill the kobold!
The Council accepts your kill.
Search for what [Enter for "dart", or ? for help]? dagg Unknown command.
Magic restored.
You see here a +0 dagger.
v - a blue potion You now have 213 gold pieces (gained 15).
There is an escape hatch in the ceiling here.
There is an escape hatch in the ceiling here.
You see here a +0 dagger.
The orc priest shouts!
The orc priest calls down the wrath of Beogh upon you.
Beogh smites you!
Ouch! That really hurt!
Okay, then.
The orc priest looks satisfied for a moment.
You see here a +0 sling.
There is a stone staircase leading up here.
You climb upwards.
There is a stone staircase leading down here.
You start resting.
HP restored.
You climb downwards.
There is a stone staircase leading up here.
Aiming: Sandblast (safe; 2% risk of failure)
Press: ? - help, Q - select action, (/) - cycle Shift-Dir - straight line, f - you
Okay, then.
Throw: 6 darts (atropa)
Press: ? - help, Q - select action, (/) - cycle Shift-Dir - straight line, f - orc priest
Aim: an orc priest, wielding a +0 hand axe and wearing a +0 leather armour (50% to hit, chance to blind on hit: 80%)
You throw an atropa-tipped dart.
The atropa-tipped dart closely misses the orc priest.
The orc priest calls down the wrath of Beogh upon you.
Beogh smites you!
Ouch! That really hurt!
The orc priest invokes the aid of Beogh against you.
Beogh smites you!
Ouch! That really hurt!
You die...

#.# #..##..# #.# # #)#
#..##..# #.# .#
#.###..##..# #)##.#
#...o......# #.#.#
#####...#.## #..# ##
#......# ##†## #.##
###......###...###....
#........##...#.#.#
#....@.......#...##
#..........#...#.#
##......##...#...#
#......##.#...#.##.#
#.#.#.......#......#.
#.#.#<........######.
#..#.####..###.## ##
.### #.## ##.####. #.#
#......


You could see an orc priest.

Vanquished Creatures
  3 gnolls
  An adder (D:3)
  5 ribbon worms
  5 orcs
  A ball python (D:3)
  8 endoplasms
  A giant cockroach (D:2)
  5 goblins
  4 hobgoblins
  4 quokkas
  2 bats
  3 frilled lizards
  4 kobolds
  6 rats
52 creatures vanquished.

Notes
Turn   | Place    | Note
-------+----------+-------------------------------------------
     0 | D:1      | Marvel the Gargoyle Earth Elementalist began the quest for
                  | the Orb.
     0 | D:1      | Reached XP level 1. HP: 10/10 MP: 3/3
    30 | D:1      | Reached skill level 4 in Earth Magic
    30 | D:1      | Reached XP level 2. HP: 15/15 MP: 0/5
   196 | D:1      | Found a faded altar of an unknown god.
   525 | D:1      | Reached XP level 3. HP: 19/19 MP: 4/6
   680 | D:1      | Prayed at the altar of an unknown god.
   680 | D:1      | Became a worshipper of the Wu Jian Council
   680 | D:1      | Reached * piety under Wu Jian
  1257 | D:2      | Reached XP level 4. HP: 24/24 MP: 4/8
  1436 | D:2      | Learned a level 3 spell: Passwall
  1440 | D:2      | Learned a level 3 spell: Stone Arrow
  2207 | D:3      | Found a blossoming altar of Fedhas.
  2384 | D:3      | Reached ** piety under Wu Jian
  3013 | D:3      | Killed from afar by an orc priest

Illustrated notes

Levels and vault maps discovered:
D:1:      orjb1_clovarrival, layout_rooms, hellmonk_ecumenical_altar_lost_god,
          chequers_serial_rivers_small_b
D:2:      layout_basic, grunt_ministairs_12, nicolae_eternal_life,
          nicolae_concentric_dashed_squares_wild, minmay_misc_feat_plants,
          minmay_misc_feat_x, minmay_misc_feat_five, minmay_puff
D:3:      layout_loops_ring, mainiacjoe_overflow_boulevard, hex_tiny,
          minmay_fountain_box, kennysheep_generic_room_11

Skill      XL: |  1  2  3 |
---------------+----------+-----
Earth Magic    | 4 |  4.9
Spellcasting   | 3 |  3.4
Fighting       | |  0.1
Short Blades   | |  0.1
Dodging        | |  1.7
Stealth        | |  2.3
Conjurations   | |  1.2

Action                     |  1- 3 |  4- 6 || total
---------------------------+-------+-------++-------
  Melee: Unarmed           |     5 |       ||     5
         Dagger            |     5 |     2 ||     7
  Throw: Dart              |       |     1 ||     1
   Cast: Sandblast         |    47 |    56 ||   103
Ability: Whirlwind         |       |     1 ||     1
 Armour: Robe              |    21 |    19 ||    40
  Dodge: Dodged            |    22 |    28 ||    50
